 Dungeon Crawl Stone Soup version 0.17-a0-6048-gac2d693 (webtiles) character file.

871 Telema the Carver (level 7, 0/52 HPs)
             Began as a Demonspawn Fighter on Jan 2, 2017.
             Slain by an ogre
             ... wielding a +0 giant club
              (27 damage)
             ... on level 5 of the Dungeon.
             The game lasted 00:07:40 (4409 turns).

Telema the Carver (Demonspawn Fighter)              Turns: 4409, Time: 00:07:41

Health: 0/52       AC: 11    Str: 17    XL:     7   Next: 73%
Magic:  7/7        EV:  5    Int:  9    God:
Gold:   285        SH:  9    Dex: 18    Spells: 0 memorised, 6 levels left

rFire  . . .     SeeInvis .     a - +0 long sword
rCold  . . .     Gourm    .     e - +0 chain mail
rNeg   . . .     Faith    .     c - +0 shield
rPois  .         Spirit   .     r - +0 helmet
rElec  .         Reflect  .     E - +0 cloak
rCorr  .         Harm     .     (no gloves)
MR     .....                    (no boots)
Stlth  ..........               (no amulet)
                                A - +4 ring of dexterity
                                y - +2 ring of slaying

@: no status effects
A: claws 2, demonic guardian 1, sturdy frame 1
a: no special abilities


You were on level 5 of the Dungeon.
You were not hungry.

You visited 1 branch of the dungeon, and saw 5 of its levels.

You collected 285 gold pieces.

Inventory:

Hand Weapons
 a - a +0 long sword (weapon)
Armour
 b - a +0 scale mail
 c - a +0 shield (worn)
 e - a +0 chain mail (worn)
 r - a +0 helmet (worn)
 E - a +0 cloak (worn)
Jewellery
 y - a +2 ring of slaying (left claw)
 A - a +4 ring of dexterity (right claw)
 D - an uncursed ring of protection from fire {unknown}
Scrolls
 g - 4 scrolls of blinking {unknown}
 h - a scroll of enchant armour {unknown}
 j - 5 scrolls of identify {unknown}
 k - 2 scrolls of noise {unknown}
 m - 2 scrolls of teleportation {unknown}
 n - a scroll of immolation {unknown}
 s - 2 scrolls of remove curse {unknown}
 v - a scroll of fear {unknown}
 w - 2 scrolls of amnesia {unknown}
 x - 2 scrolls of magic mapping {unknown}
 F - a scroll of enchant weapon {unknown}
Potions
 d - a potion of might
 i - 3 potions of magic {unknown}
 l - 2 potions of lignification {unknown}
 o - a potion of haste {unknown}
 u - 3 potions of mutation {unknown}
 z - a potion of cure mutation {unknown}
 C - a potion of ambrosia {unknown}
Comestibles
 f - 6 bread rations
 p - a chunk of flesh
 q - a slice of pizza
 t - a royal jelly
 B - 4 meat rations


   Skills:
 + Level 3.1 Fighting
 + Level 8.2 Long Blades
 + Level 2.6 Armour
 + Level 0.1 Dodging
 + Level 2.8 Shields


You had 6 spell levels left.
You didn't know any spells.

Dungeon Overview and Level Annotations

Branches:
Dungeon (5/15)
 Temple: D:4-7

Altars:
Dithmenos
Sif Muna
Trog
Xom


Innate Abilities, Weirdness & Mutations

You have very sharp fingernails.
A weak demonic guardian rushes to your aid.
Your movements are slightly less encumbered by armour. (ER -2)


Message History

The ogre is heavily wounded.
Your iron imp hits the ogre!
The ogre hits you with a giant club. The ogre hits you with a giant club!
Your shield prevents you from hitting the ogre.
The ogre is heavily wounded.
You block the ogre's attack.
Your iron imp hits the ogre.
The ogre closely misses you.
You barely miss the ogre.
The ogre is severely wounded.
A goblin comes into view.
The goblin shouts!
You hit the ogre.
The ogre is severely wounded.
The ogre barely misses you. You block the ogre's attack.
Your iron imp barely misses the ogre.
You slash the ogre!
You kill the ogre!
The ogre hits you with a giant club!!
Ouch! That really hurt!
You die...

#...###.....#.#
#..##.###... .....#
#..).....####..##.# #...
.....#
#..............#..####..
#.##.
#.......####..........).
. # #......##
#....####.).. ......##
##....###.)).
##....#####
#...#..##....
#.....O5.###.#.##.......
#)@.##..#.#####....
#..>.(.##.## #..#.
#.....(##..# #####
...g...#.((.#......#
..........%.#...)..#
.....####....#...%..#
..... ######......#
..... ......# .. ......#


You could see an ogre, a goblin and a friendly iron imp.

Vanquished Creatures
  Eustachio (D:5)
  A phantom (D:4)
  An ogre (D:5)
  Blork the orc (D:4)
  A scorpion (D:4)
  2 howler monkeys
  A centaur zombie (D:5)
  A jelly (D:5)
  A hound (D:4)
  2 orc priests
  Crazy Yiuf (D:4)
  An orc wizard (D:5)
  A worker ant (D:3)
  Robin (D:4)
  3 gnolls (D:4)
  3 adders
  3 oozes
  A worm (D:2)
  4 leopard geckos
  11 orcs
  8 giant cockroaches
  13 goblins
  15 hobgoblins
  9 jackals
  2 quokkas
  4 bats
  2 frilled lizards
  A jackal skeleton (D:5)
  7 kobolds
  39 rats
141 creatures vanquished.

Vanquished Creatures (collateral kills)
  An iguana (D:4)
  2 orcs (D:5)
  3 goblins (D:4)
  A hobgoblin (D:4)
7 creatures vanquished.

Grand Total: 148 creatures vanquished

Notes
Turn   | Place    | Note
-------+----------+-------------------------------------------
     0 | D:1      | Telema the Demonspawn Fighter began the quest for the Orb.
     0 | D:1      | Reached XP level 1. HP: 18/18 MP: 1/1
    12 | D:1      | Found a shimmering altar of Xom.
    27 | D:1      | Reached skill level 2 in Long Blades
   280 | D:1      | Gained mutation: You have sharp fingernails. [demonic ancestry]
   280 | D:1      | Reached XP level 2. HP: 23/24 MP: 2/2
   442 | D:1      | Reached skill level 3 in Long Blades
   527 | D:1      | Reached XP level 3. HP: 29/29 MP: 3/3
  1348 | D:2      | Gained mutation: Your movements are slightly less encumbered by armour. (ER -2) [demonic ancestry]
  1348 | D:2      | Reached XP level 4. HP: 35/35 MP: 4/4
  1495 | D:2      | Reached skill level 4 in Long Blades
  1859 | D:3      | Reached skill level 5 in Long Blades
  1859 | D:3      | Gained mutation: A weak demonic guardian rushes to your aid. [demonic ancestry]
  1859 | D:3      | Reached XP level 5. HP: 26/41 MP: 5/5
  3010 | D:4      | Gained mutation: You have very sharp fingernails. [demonic ancestry]
  3010 | D:4      | Reached XP level 6. HP: 47/47 MP: 6/6
  3048 | D:4      | Noticed Blork the orc
  3054 | D:4      | Noticed Robin
  3057 | D:4      | Killed Blork the orc
  3057 | D:4      | Reached skill level 6 in Long Blades
  3068 | D:4      | Killed Robin
  3428 | D:4      | Found a deep blue altar of Sif Muna.
  3440 | D:4      | Reached skill level 7 in Long Blades
  3440 | D:4      | Reached XP level 7. HP: 34/52 MP: 7/7
  3798 | D:4      | Found a shadowy altar of Dithmenos.
  3800 | D:4      | Found a bloodstained altar of Trog.
  3845 | D:4      | Found a runed door.
  4147 | D:4      | Noticed Crazy Yiuf
  4159 | D:4      | Killed Crazy Yiuf
  4239 | D:5      | Entered Level 5 of the Dungeon
  4300 | D:5      | Noticed Eustachio
  4326 | D:5      | Killed Eustachio
  4333 | D:5      | Reached skill level 8 in Long Blades
  4409 | D:5      | Slain by an ogre

Vault maps used:
D:1:      lightli_arrival_statue_moat, xom_teletrap_fun
D:2:      first_bread, kennysheep_nub, minmay_rats_cheesy_pizza
D:4:      grunt_temple_overflow_open, kennysheep_cross_room,
          hangedman_abyss_or_decor_lesser_grid, uniq_blork_the_orc, uniq_robin,
          uniq_crazy_yiuf_cottage
D:5:      st_stairs_10, uniq_pikel, uniq_eustachio

Skill      XL: |  1  2  3  4  5  6  7 |
---------------+----------------------+-----
Long Blades    | 2 3 5 7 8 |  8.2
Fighting       | |  3.1
Armour         | |  2.6
Dodging        | |  0.1
Shields        | |  2.8

Action                   |  1- 3 |  4- 6 |  7- 9 || total
-------------------------+-------+-------+-------++-------
Melee: Long sword        |   182 |   240 |    71 ||   493
 Stab: Distracted        |       |       |     1 ||     1
  Eat: Chunk             |     1 |     8 |     3 ||    12
Armor: Scale mail        |    22 |       |       ||    22
       Chain mail        |    82 |   141 |    42 ||   265
Dodge: Dodged            |    33 |    43 |    23 ||    99
Block: Shield            |    84 |   111 |    42 ||   237
       Rpst.: Long sword |    11 |    25 |     6 ||    42
